 Dungeon Crawl Stone Soup version 0.17-a0-2217-ga280b8d (webtiles) character file.

636319 MackTheKnife the Slayer (level 27, -16/258 HPs)
             Began as a Centaur Wanderer on Oct 28, 2015.
             Was a High Priest of Okawaru.
             Demolished by Tiamat
             ... wielding a +1 demon trident of electrocution
              (36 damage)
             ... on level 5 of the Realm of Zot.
             The game lasted 03:29:49 (87577 turns).

MackTheKnife the Slayer (Centaur Wanderer)         Turns: 87577, Time: 03:29:49

Health: -16/258    AC: 47    Str: 24    XL:     27
Magic:  43/43      EV: 23    Int: 16    God:    Okawaru [*****.]
Gold:   4593       SH:  0    Dex: 29    Spells: 0 memorised, 26 levels left

rFire  + + +     SeeInvis +     V - +9 great sword of Greed {vamp, rElec rF+ MR+}
rCold  + . .     Clarity  .     r - +8 fire dragon armour {rF++, rC-}
rNeg   + . .     SustAt   .     (no shield)
rPois  .         Gourm    .     R - +2 hat
rElec  +         Spirit   .     B - +2 cloak
rCorr  .         Warding  .     n - +2 pair of gloves {Str+3}
rMut   +         Stasis   .     C - +2 centaur barding "Nuapsipn" {rElec rC+ Dex+2}
MR     ++++.                    D - amulet of Oricwule {rMut rElec MP+9 Int+3 Dex+6}
Stlth  +.........               o - ring of Robustness {AC+8}
                                I - ring of Geaph {rC+ rN+ Str+3}

@: exhausted, about to teleport, slowed, incredibly resistant to hostile
enchantments, very unstealthy
A: hooves 3, thin skeletal structure 1, see invisible, clever 1, deformed body,
speed 2, magic resistance 1, tough skin 3
a: Heroism, Finesse, Renounce Religion
}: 3/15 runes: serpentine, barnacled, silver


You were on level 5 of the Realm of Zot.
You worshipped Okawaru.
Okawaru was extremely pleased with you.
You were very full.

You visited 9 branches of the dungeon, and saw 53 of its levels.
You visited 1 ziggurat, and saw 9 of its levels.
You also visited: Volcano.

You collected 7288 gold pieces.
You spent 2695 gold pieces at shops.

Inventory:

Hand Weapons
 a - a +9 triple sword of freezing
   (You acquired it on level 9 of the Dungeon)
 g - a +5 triple sword of holy wrath
   (You found it on level 1 of the Shoals)
 V - the +9 great sword of Greed (weapon) {vamp, rElec rF+ MR+}
   (Okawaru gifted it to you on level 2 of the Vaults)

   It inflicts no extra harm, but heals its wielder somewhat when it strikes a
   living foe.
   It protects you from fire.
   It insulates you from electricity.
   It affects your resistance to hostile enchantments.
Armour
 n - a +2 pair of gloves of strength (worn)
   (You found it on level 5 of the Vaults)
 r - a +8 fire dragon armour (worn) {rF++, rC-}
   (You bought it in a shop on level 2 of the Snake Pit)
 B - a +2 cloak (worn)
   (You found it on level 3 of the Vaults)
 C - the +2 centaur barding "Nuapsipn" (worn) {rElec rC+ Dex+2}
   (You acquired it on level 10 of the Dungeon)

   It affects your dexterity (+2).
   It protects you from cold.
   It insulates you from electricity.
 R - a +2 hat (worn)
   (You took it off an octopode crusher on level 1 of the Depths)
Jewellery
 o - the ring of Robustness (right hand) {AC+8}
   (You took it off a deep elf mage on level 3 of the Elven Halls)

   [ring of protection]

   It affects your AC (+8).
 x - the amulet of Conformity {Gourm MR++ Str+2}
   (You bought it in a shop on level 4 of the Orcish Mines)

   [amulet of the gourmand]

   It allows you to eat raw meat even when not hungry.
   It affects your strength (+2).
   It affects your resistance to hostile enchantments.
 D - the amulet of Oricwule (around neck) {rMut rElec MP+9 Int+3 Dex+6}
   (You found it on level 6 of a ziggurat)

   [amulet of resist mutation]

   It protects you from mutation.
   It affects your intelligence (+3).
   It affects your dexterity (+6).
   It insulates you from electricity.
   It affects your magic capacity (+9).
 G - the ring "Yjedgh" {rPois MR+}
   (You found it on level 5 of the Vaults)

   [ring of poison resistance]

   It protects you from poison.
   It affects your resistance to hostile enchantments.
 I - the ring of Geaph (left hand) {rC+ rN+ Str+3}
   (You found it on level 8 of a ziggurat)

   [ring of strength]

   It affects your strength (+3).
   It protects you from cold.
   It protects you from negative energy.
Wands
 E - a wand of teleportation (5)
   (You acquired it on level 5 of the Depths)
 L - a wand of digging (4)
   (You took it off a tengu conjurer on level 5 of the Depths)
 X - a wand of digging (14)
   (You found it on level 1 of the Vaults)
 Z - a wand of digging (0)
   (You found it on level 4 of the Lair of Beasts)
Scrolls
 h - 4 scrolls of silence
 i - 9 scrolls of recharging
 q - 17 scrolls of remove curse
 t - a scroll of enchant armour
 A - 10 scrolls of immolation {!r}
 F - 2 scrolls of magic mapping {!r}
 O - 4 scrolls of teleportation
 P - 6 scrolls of fear
 U - 2 scrolls of fog
Potions
 c - 6 potions of might
 e - 6 potions of haste
 j - 3 potions of resistance
 k - 5 potions of agility
 l - 6 potions of berserk rage {!q}
 s - 8 potions of curing
 z - a potion of flight
 K - a potion of cure mutation {!q}
 N - 4 potions of brilliance
 S - 3 potions of invisibility
 T - 2 potions of cancellation
 W - a potion of magic
Miscellaneous
 u - a phial of floods
   (You found it on level 3 of the Elven Halls)
 v - a sack of spiders {used: 2}
   (You found it on level 2 of the Lair of Beasts)
 J - a lamp of fire
   (You found it on level 5 of the Vaults)
 M - a sack of spiders {used: 1}
   (You found it on level 4 of the Lair of Beasts)
 Q - a lamp of fire
   (You found it on level 5 of the Vaults)
Comestibles
 d - 10 bread rations {@e1}
 f - 2 royal jellies
 p - 27 meat rations {@e2}
 w - 23 fruits
 H - 4 beef jerkies


   Skills:
 - Level 23.2 Fighting
 - Level 21.3 Long Blades
   Level 1.3 Bows
 - Level 16.5 Armour
 + Level 16.7 Dodging
 - Level 1.0 Stealth
   Level 1.0 Shields
 - Level 8.7 Invocations
 - Level 14.7 Evocations


You had 26 spell levels left.
You didn't know any spells.

Dungeon Overview and Level Annotations

Branches:
Dungeon (15/15)            Temple (0/1) D:5            Lair (8/8) D:8
 Shoals (4/4) Lair:4        Snake (4/4) Lair:3        Slime (0/6) Lair:7
    Orc (4/4) D:11            Elf (3/3) Orc:3        Vaults (5/5) D:13
  Crypt (0/3) Vaults:2     Depths (5/5) D:15            Zot (5/5) Depths:5

Altars:
Ashenzari
Dithmenos
Fedhas
Kikubaaqudgha
Makhleb
Okawaru
Ru
Trog
Vehumet
The Shining One
Beogh

Shops:
D:10 ?   Orc:4 %=(?%   Elf:1 *   Snake:2 [

Portals:
Hell: Lair:8 Depths:1 Depths:2 Depths:3 Depths:4 Depths:5
Abyss: Depths:2 Depths:3 Depths:4
Pandemonium: Depths:1 Depths:3 Depths:5

Annotations:
D:5 Vex's ghost, novice TrMo
Orc:2 godescalc's ghost, journeyman DrTm
Elf:2 5 runed doors
Zot:5 exclusion: 3 upstairs, Tiamat


Innate Abilities, Weirdness & Mutations

You have hooves in place of feet.
Armour fits poorly on your strangely shaped body.
You cover ground very quickly.
You have extremely tough skin (AC +3).
You have a somewhat thin skeletal structure (Dex +2, Stealth).
You have supernaturally acute eyesight.
Your mind is acute. (Int +2)
You are resistant to hostile enchantments.


Message History

You pass out from exhaustion.
You feel yourself slow down.
You hear a roar!
Tiamat barely misses you. Tiamat completely misses you.
The yellow draconian hits you with a short sword!
The moth of wrath goads the green draconian on!
The green draconian goes berserk!
The green draconian rages.
The yellow draconian hits you with a short sword!!
Tiamat hits you with a demon trident of electrocution!!!
Tiamat tail-slaps you but does no damage.
The moth of wrath goads something on!
The yellow draconian hits you with a short sword.
Tiamat hits you with a demon trident of electrocution!
Tiamat tail-slaps you but does no damage.
The black draconian rages.
The yellow draconian hits you but does no damage.
Tiamat hits you with a demon trident of electrocution!!!
Tiamat tail-slaps you!!
* * * LOW HITPOINT WARNING * * *
The moth of wrath angrily waves its antennae.
The yellow draconian hits you but does no damage.
Tiamat hits you with a demon trident of electrocution!!!
* * * LOW HITPOINT WARNING * * *
Tiamat tail-slaps you but does no damage.
You can move again.
An Orb Guardian comes into view.
Unknown command.
You now have 24/258 hp.
Unknown command.
Read which item? (? for menu, Esc to quit)
You can't read that!
Read which item? (? for menu, Esc to quit)
Okay, then.
Drink which item? (? for menu, Esc to quit)
You feel much better.
The yellow draconian hits you with a short sword!!
* * * LOW HITPOINT WARNING * * *
The Killer Klown says, "Trust me, I'm a doctor."
The Killer Klown blinks!
Tiamat misses you. Tiamat tail-slaps you!
* * * LOW HITPOINT WARNING * * *
The yellow draconian completely misses you.
You hear a roar!
Tiamat barely misses you.
Tiamat tail-slaps you but does no damage.
Tiamat closely misses you.
You take 7 damage, and have 17/258 hp.
Read which item? (? for menu, Esc to quit)
As you read the scroll of summoning, it crumbles to dust.
Wisps of shadow whirl around you...
The yellow draconian hits you but does no damage.
Tiamat closely misses you.
Tiamat tail-slaps you but does no damage. x2
The yellow draconian misses you.
The moth of wrath goads the Orb Guardian on!
The Orb Guardian goes berserk!
Tiamat misses you. Tiamat closely misses you.
Tiamat tail-slaps you but does no damage.
Unknown command.
Unknown command.
You swap places.
The power of Zot is invoked against your yellow draconian!
Nothing appears to happen.
The yellow draconian barely misses your yellow draconian.
The Killer Klown blinks!
Tiamat hits your yellow draconian with a demon trident of electrocution!!!!
There is a sudden explosion of sparks!
Your yellow draconian dies!
Your yellow draconian's corpse dissolves into shadows!
Unknown command.
Unknown command.
You swap places.
You hear a roar!
You hear a loud "Zot"!
Your moth of wrath bites Tiamat!!
Tiamat hits your moth of wrath with a demon trident of electrocution!!!
There is a sudden explosion of sparks!
Your moth of wrath dies!
Your moth of wrath's corpse dissolves into shadows!
You hear a roar!
MP restored: 43 Unknown command.
Read which item? (? for menu, Esc to quit)
As you read the scroll of teleportation, it crumbles to dust.
You feel strangely unstable.
You hear a roar!
Tiamat hits your moth of wrath with a demon trident of electrocution!!!!
Your moth of wrath dies!
Your moth of wrath's corpse dissolves into shadows!
You hear a distant "Zot"!
Tiamat rages.
Read which item? (? for menu, Esc to quit)
As you read the scroll of summoning, it crumbles to dust.
Wisps of shadow whirl around you...
You hear a roar!
Tiamat hits you but does no damage.
Tiamat tail-slaps you but does no damage.
The green draconian hits your moth of wrath with a hand axe of draining!!
The green draconian tail-slaps your moth of wrath!
Tiamat hits you with a demon trident of electrocution!!!
You die...

,,,,,,,,,,,,,,,** #.............
,,,,,,,,,,,,,,,,* ##...........#
,,,,,,,.......,,* #...........#
,,,,,,,.......,,* ##...........#
,,,,,,,.......,,* #.............
,,,,,,,......^,,* ##.............
,,,,,,,......yd,*##..............
,,,,,,,.....yd,###8..###########.
,,,,,,,.....§p##@...## ##
,,,,,,,...^.XdydD.### #
,,,,,**▓▓▓▓▓▓▓▓▓▓▓#
,,,,,,,,,,,,,,****
,,,,,,,,,,,,,,,,,***
,,,,,,,,,,,,,,,,,,,** *
,,,,,,,,,,,,,,,,,,,,* ********* *
,,,,,,,,,,,,,,,,,,,,***,,,,,,,***
,,,,,,,,,,,,,,,,,,,,**,,,,,,,,,**


You could see Tiamat (berserk), a green draconian (berserk), an Orb Guardian
(berserk), a friendly electric golem, a friendly fire dragon and a friendly moth
of wrath.

Vanquished Creatures
  4 ancient liches
  An orb of fire (Zot:5)
  Mennas (Vaults:2)
  3 juggernauts
  Saint Roka (Vaults:2)
  A Killer Klown (Zig:8)
  8 golden dragons
  Nikola (Vaults:2)
  Jory (Vaults:5)
  A profane servitor (Zig:9)
  An electric golem (Zot:5)
  Jorgrun (Depths:1)
  8 tentacled monstrosities
  4 Orb Guardians (Zot:5)
  Asterion (Vaults:2)
  8 titans
  2 deep elf blademasters (Elf:3)
  A quicksilver dragon (shapeshifter) (Zig:8)
  2 deep elf master archers (Elf:3)
  A quicksilver dragon (Depths:2)
  6 liches
  A kraken (Shoals:2)
  6 sphinxes
  Polyphemus (Shoals:2)
  An Executioner (Depths:5)
  An ancient champion (Zig:6)
  An octopode crusher (Depths:1)
  A death cob (Zot:1)
  Agnes (D:14)
  5 shadow dragons
  7 tengu reavers
  A shadow dragon (shapeshifter) (Zig:8)
  Kirke (Lair:8)
  8 storm dragons
  7 greater nagas (Snake:4)
  Ilsuiw (Shoals:4)
  Wiglaf (Depths:1)
  Donald (Vaults:2)
  8 deep elf sorcerers
  4 iron dragons
  Maud (Orc:4)
  16 vault wardens
  10 frost giants
  A draconian knight (Zot:5)
  Aizul (Snake:3)
  Louise (Shoals:1)
  A curse skull (Zig:2)
  2 draconian zealots (Zot:4)
  16 fire giants
  A ghost moth (Zot:5)
  2 draconian shifters (Zig:7)
  6 spriggan defenders
  19 ironheart preservers
  A draconian annihilator (Zig:7)
  27 stone giants
  2 war gargoyles
  A draconian caller (Zig:7)
  17 very ugly things
  9 deep elf demonologists
  Nessos (Lair:8)
  A lorocyproca (Depths:3)
  A green draconian (Zig:7)
  3 salamander stormcallers
  3 yellow draconians
  Azrael (D:14)
  2 vampire knights
  A black draconian (Zot:5)
  3 purple draconians
  3 mottled draconians
  A dire elephant (Lair:8)
  A red draconian (Zot:5)
  9 deep elf annihilators
  A chaos champion (Zig:8)
  2 eidola
  Snorg (D:13)
  11 ettins
  10 merfolk javelineers
  37 vault guards
  4 deep elf death magi (Elf:3)
  10 merfolk impalers
  19 yaktaur captains
  14 great orbs of eyes
  7 entropy weavers
  4 deep elf high priests
  21 fire dragons
  2 rakshasas
  18 ice dragons
  14 naga warriors
  3 death knights
  8 hydras
  10 spriggan air magi
  A catoblepas (Shoals:2)
  18 ogre magi
  13 centaur warriors
  A ghost crab (shapeshifter) (Zig:8)
  3 alligator snapping turtles (Shoals:4)
  Erica (D:11)
  A satyr (Shoals:4)
  4 dancing weapons
  18 anacondas
  3 merfolk aquamancers
  8 death yaks
  An alligator (Zig:5)
  An orc high priest (Elf:3)
  5 deep troll earth magi
  7 deep troll shamans
  7 tengu warriors
  15 naga sharpshooters
  4 spriggans
  7 spriggan berserkers
  8 shock serpents
  Nergalle (D:11)
  9 hell knights
  17 deep elf knights
  2 fire crabs (shapeshifter)
  A titan skeleton (Vaults:3)
  4 large abominations
  A sun demon (Lair:8)
  17 deep trolls
  10 skeletal warriors
  A fire crab (Vaults:3)
  5 iron trolls
  5 salamander mystics
  2 small abominations
  5 flayed ghosts
  A swamp dragon (Zig:5)
  2 shadow wraiths
  6 giant orange brains
  6 unseen horrors
  7 wizards
  17 harpies
  6 sea snakes
  A shadow dragon zombie (Vaults:4)
  11 deep elf summoners
  19 deep elf conjurers
  Pikel (D:7)
  10 griffons
  11 hill giants
  12 naga ritualists
  2 wolf spiders
  A sphinx zombie (Depths:2)
  A mana viper (shapeshifter) (Zig:8)
  6 necromancers
  10 mana vipers
  60 ugly things
  23 ironbrand convokers
  11 salamanders
  2 orc sorcerers
  10 orc knights
  A wolf spider (shapeshifter) (Vaults:5)
  A frost giant zombie (Vaults:3)
  10 manticores
  3 hornets (shapeshifter)
  11 cyclopes
  2 hornets
  2 sixfirhies
  5 water nymphs
  13 vault sentinels
  5 moths of wrath
  A manticore (shapeshifter) (Elf:3)
  A stone giant skeleton (Vaults:3)
  41 black mambas
  2 elephants (shapeshifter)
  A human skeleton (Vaults:3)
  26 elephants
  A smoke demon (Lair:8)
  A frost giant skeleton (Vaults:3)
  24 naga magi
  A rust devil (Depths:3)
  An apocalypse crab (Zig:8)
  2 fauns
  2 guardian serpents (shapeshifter) (Vaults:1)
  A fire giant skeleton (Depths:2)
  9 sirens
  3 gargoyles
  5 centaur skeletons
  3 orange demons (Lair:8)
  Psyche (D:9)
  13 spiny frogs
  A spiny frog (shapeshifter) (Depths:3)
  A fire drake (shapeshifter) (Vaults:1)
  17 guardian serpents
  2 human zombies
  A yaktaur (shapeshifter) (Vaults:2)
  8 kobold demonologists
  70 yaktaurs
  A troll (shapeshifter) (Depths:5)
  9 komodo dragons
  20 deep elf priests
  A komodo dragon (shapeshifter) (Vaults:5)
  An efreet (D:13)
  A hellwing (Depths:3)
  10 trolls
  6 freezing wraiths
  An ancient zyme (Zig:9)
  7 tengu conjurers
  2 jumping spiders
  3 blue devils
  A jumping spider (shapeshifter) (Vaults:2)
  8 polar bears
  8 fire drakes
  A red devil (Lair:8)
  33 merfolk
  A raiju (shapeshifter) (Vaults:2)
  7 snapping turtles
  2 wind drakes (shapeshifter)
  4 wind drakes
  17 slime creatures
  A harpy skeleton (D:15)
  A giant leech (Zig:5)
  A bog body (Zig:5)
  24 blink frogs
  5 boulder beetles
  3 ettin zombies
  A fire giant simulacrum (Vaults:1)
  34 two-headed ogres
  A blink frog (shapeshifter) (D:15)
  2 snapping turtles (shapeshifter)
  41 deep elf magi
  A trapdoor spider (shapeshifter) (Depths:3)
  A spriggan skeleton (Depths:2)
  8 air elementals
  A tarantella (Depths:3)
  16 water elementals
  2 wyverns
  41 yaks
  13 redbacks
  A spriggan (shapeshifter) (Elf:3)
  2 shadows
  A redback (shapeshifter) (Depths:4)
  4 hungry ghosts
  A tarantella (shapeshifter) (Depths:2)
  A chaos spawn (Zig:9)
  2 yaks (shapeshifter)
  20 hippogriffs
  2 basilisks
  6 wraiths
  38 deep elf fighters
  A golden eye (shapeshifter) (Vaults:1)
  15 wolves
  A fire elemental (D:14)
  25 vampire mosquitoes
  A redback simulacrum (D:15)
  Menkaure (D:5)
  2 mottled dragons
  A hippogriff (shapeshifter) (Elf:3)
  56 nagas
  4 wargs
  9 hell hounds
  8 porcupines
  22 water moccasins
  A water moccasin (shapeshifter) (Vaults:5)
  An ice beast (shapeshifter) (Vaults:1)
  A soldier ant (shapeshifter) (D:14)
  6 wasps
  A black bear (shapeshifter) (Depths:2)
  78 ogres
  34 orc warriors
  3 swamp drakes
  An eye of draining (shapeshifter) (Depths:2)
  6 phantoms
  3 ice beasts
  11 black bears
  3 sky beasts
  2 necrophages
  17 crocodiles
  7 boggarts
  28 giant frogs
  6 big kobolds
  13 centaurs
  Blork the orc (D:5)
  2 glowing shapeshifter simulacra
  A wyvern skeleton (D:10)
  A scorpion (shapeshifter) (Depths:5)
  7 scorpions
  5 killer bees (D:10)
  11 wights
  7 crimson imps
  8 hounds
  A giant frog zombie (D:8)
  2 quasits
  22 orc priests
  3 giant frog skeletons
  A gnoll shaman (D:7)
  16 jellies
  3 centaur zombies
  Ijyb (D:2)
  An iron imp (Depths:1)
  14 iguanas
  16 orc wizards
  12 worker ants
  25 sheep
  4 hound zombies
  2 hound skeletons
  A worker ant zombie (D:8)
  An adder (shapeshifter) (Vaults:5)
  17 gnolls
  86 river rats
  14 adders
  6 shadow imps
  An ufetubus (Vaults:1)
  3 oozes
  2 adder zombies (D:1)
  6 worms
  5 giant geckos
  156 orcs
  26 goblins
  13 hobgoblins
  11 jackals
  4 quokkas
  3 ball pythons (D:1)
  10 bats
  5 giant cockroaches
  A giant gecko skeleton (D:7)
  3 giant gecko zombies (D:5)
  4 giant newts
  36 kobolds
  17 rats
  5 crawling corpses
  2 fungi (D:8)
  A plant (Lair:5)
  4 tentacles (Shoals:2)
2604 creatures vanquished.

Vanquished Creatures (collateral kills)
  A raiju (Zig:9)
  A chaos spawn (Zig:9)
  A hippogriff (Lair:5)
  A starcursed mass (Zig:9)
4 creatures vanquished.

Vanquished Creatures (others)
  2 tengu reavers (Depths:5)
  A vault guard (Vaults:5)
  A deep elf high priest (Elf:3)
  An ice dragon (Depths:5)
  A deep elf knight (Vaults:5)
  An ugly thing (Depths:3)
  A moth of wrath (Zot:5)
  A tengu conjurer (Depths:1)
  4 humans (Lair:8)
  A wasp (Depths:3)
  An ogre (Vaults:5)
  An orc (Orc:2)
  75 fungi
  34 plants
  7 tentacles (Shoals:2)
  302 tentacle segments (Shoals:2)
434 creatures vanquished.

Grand Total: 3042 creatures vanquished

Notes
Turn   | Place    | Note
--------------------------------------------------------------
     0 | D:1      | MackTheKnife the Centaur Wanderer began the quest for the Orb.
     0 | D:1      | MackTheKnife set off with: a +2 falchion, 2 potions of lignification {!q}, a +0 robe, a bread ration {@e1}
     0 | D:1      | Reached XP level 1. HP: 17/17 MP: 1/1
    17 | D:1      | Reached skill level 3 in Long Blades
    28 | D:1      | Reached XP level 2. HP: 15/24 MP: 2/2
   482 | D:1      | Reached XP level 3. HP: 22/29 MP: 3/3
   677 | D:1      | Reached skill level 4 in Long Blades
   882 | D:2      | Noticed Ijyb
   904 | D:2      | Killed Ijyb
   904 | D:2      | Reached XP level 4. HP: 24/36 MP: 4/4
  1256 | D:2      | Found an iron altar of Okawaru.
  1264 | D:2      | Became a worshipper of Warmaster Okawaru
  1540 | D:2      | Reached skill level 5 in Long Blades
  1851 | D:2      | HP: 8/36 [orc/war axe (8)]
  2109 | D:2      | Reached XP level 5. HP: 38/41 MP: 5/5
  2604 | D:3      | Found a glowing golden altar of the Shining One.
  2604 | D:3      | Found a burning altar of Makhleb.
  2927 | D:4      | Reached skill level 6 in Long Blades
  2929 | D:4      | HP: 9/41 [adder (3)]
  3364 | D:4      | Noticed a phantom
  3364 | D:4      | Noticed an ogre
  3411 | D:3      | Reached XP level 6. HP: 31/48 MP: 6/6
  3738 | D:4      | HP: 10/48 [ogre/giant club (18)]
  3739 | D:4      | Killed an ogre
  3739 | D:4      | Reached * piety under Okawaru
  3987 | D:4      | Reached skill level 3 in Fighting
  3987 | D:4      | Reached skill level 7 in Long Blades
  3987 | D:4      | Reached XP level 7. HP: 41/57 MP: 7/7
  4135 | D:4      | Noticed a centaur
  4144 | D:4      | Killed a centaur
  4144 | D:4      | Reached ** piety under Okawaru
  4442 | D:4      | Killed a phantom
  4442 | D:4      | Reached skill level 4 in Fighting
  4829 | D:5      | Entered Level 5 of the Dungeon
  4846 | D:5      | Noticed Menkaure
  4868 | D:5      | Killed Menkaure
  5112 | D:5      | Found a staircase to the Ecumenical Temple.
  5195 | D:5      | Reached skill level 5 in Fighting
  5195 | D:5      | Reached XP level 8. HP: 37/68 MP: 8/8
  5205 | D:5      | Reached skill level 8 in Long Blades
  5591 | D:5      | Noticed Vex's ghost (novice TrMo)
  6313 | D:5      | Reached skill level 6 in Fighting
  6519 | D:5      | Noticed Blork the orc
  6532 | D:5      | Killed Blork the orc
  6950 | D:6      | Reached *** piety under Okawaru
  6950 | D:6      | Reached skill level 9 in Long Blades
  7538 | D:6      | Found a shattered altar of Ashenzari.
  7785 | D:7      | Reached XP level 9. HP: 73/73 MP: 9/9
  8017 | D:7      | Found a sacrificial altar of Ru.
  8049 | D:7      | Reached skill level 10 in Long Blades
  8472 | D:7      | Noticed Pikel
  8497 | D:7      | Killed Pikel
  8497 | D:7      | Reached **** piety under Okawaru
  9039 | D:7      | Reached skill level 11 in Long Blades
  9462 | D:8      | Found a staircase to the Lair.
  9878 | D:8      | HP: 18/76 [ogre/giant spiked club (20)]
  9886 | D:8      | Reached skill level 7 in Fighting
 10573 | D:8      | Reached XP level 10. HP: 80/86 MP: 10/10
 11200 | D:9      | Identified a scroll of acquirement
 11593 | D:9      | Found a shadowy altar of Dithmenos.
 11594 | D:9      | Noticed Psyche
 11600 | D:9      | Killed Psyche
 11600 | D:9      | Reached skill level 12 in Long Blades
 12467 | D:10     | Entered Level 10 of the Dungeon
 12476 | D:10     | Got a faintly humming centaur barding
 12482 | D:10     | Identified the +2 centaur barding "Nuapsipn" {rElec rC+ Dex+2} (You acquired it on level 10 of the Dungeon)
 12632 | D:10     | Found Iqofoana's Magic Scroll Boutique.
 12651 | D:10     | Bought 2 scrolls of identify for 48 gold pieces
 12651 | D:10     | Bought a scroll of identify for 24 gold pieces
 12651 | D:10     | Bought a scroll of identify for 24 gold pieces
 12700 | D:10     | Bought a scroll of magic mapping for 42 gold pieces
 12768 | D:10     | Reached ***** piety under Okawaru
 12837 | D:10     | Noticed an unseen horror
 12856 | D:10     | Killed an unseen horror
 12856 | D:10     | Reached skill level 13 in Long Blades
 13578 | D:10     | HP: 21/86 [killer bee (3)]
 13583 | D:10     | HP: 8/86 [killer bee (6)]
 13996 | Lair:1   | Entered Level 1 of the Lair of Beasts
 14006 | Lair:1   | Noticed an eight-headed hydra
 14036 | Lair:1   | Found a dark tunnel.
 14042 | Volcano  | Entered a volcano
 14055 | Volcano  | HP: 21/86 [mottled dragon (8)]
 14058 | Volcano  | HP: 7/86 [komodo dragon (13)]
 14517 | Lair:1   | Noticed a black mamba
 14520 | Lair:1   | Killed a black mamba
 14520 | Lair:1   | Reached XP level 11. HP: 73/92 MP: 11/11
 14760 | Lair:1   | Noticed a five-headed hydra
 14834 | Lair:1   | Reached skill level 14 in Long Blades
 15531 | Lair:2   | Reached skill level 1 in Dodging
 15727 | Lair:2   | Reached skill level 2 in Armour
 15957 | Lair:2   | Reached skill level 2 in Dodging
 16092 | Lair:2   | Reached skill level 3 in Armour
 16135 | Lair:2   | HP: 17/92 [polar bear (12)]
 16435 | Lair:2   | Received a gift from Okawaru
 16480 | Lair:2   | Reached skill level 3 in Dodging
 16872 | Lair:2   | Reached skill level 4 in Armour
 17453 | Lair:2   | Reached skill level 4 in Dodging
 17498 | Lair:2   | Got a scorched halberd
 17937 | Lair:3   | Got an encrusted arbalest
 18143 | Lair:3   | Found a staircase to the Snake Pit.
 18205 | Lair:3   | Reached skill level 5 in Armour
 18271 | Lair:3   | Received a gift from Okawaru
 18478 | Lair:3   | Reached XP level 12. HP: 85/100 MP: 12/12
 18481 | Lair:3   | Reached skill level 5 in Dodging
 18566 | Lair:3   | HP: 25/100 [wolf (3)]
 19653 | Lair:4   | Found a staircase to the Shoals.
 19719 | Lair:4   | Reached skill level 6 in Armour
 20296 | Lair:4   | Reached skill level 6 in Dodging
 20529 | Lair:5   | Reached ****** piety under Okawaru
 20765 | Lair:5   | Reached skill level 8 in Fighting
 20930 | Lair:5   | Received a gift from Okawaru
 20933 | Lair:5   | Got an ancient centaur barding {god gift}
 21006 | Lair:5   | Noticed a six-headed hydra
 21018 | Lair:5   | Killed a seven-headed hydra
 21018 | Lair:5   | Reached skill level 9 in Fighting
 21116 | Lair:5   | Reached skill level 10 in Fighting
 22049 | Lair:6   | Reached skill level 11 in Fighting
 22049 | Lair:6   | Reached XP level 13. HP: 111/116 MP: 13/13
 22492 | Lair:6   | Identified the +3 centaur barding of the Soldier {rPois Str+3 Slay-4} (Okawaru gifted it to you on level 5 of the Lair of Beasts)
 22896 | Lair:7   | Received a gift from Okawaru
 22936 | Lair:7   | Reached skill level 12 in Fighting
 23991 | Lair:7   | Found a staircase to the Slime Pits.
 24667 | Lair:8   | Entered Level 8 of the Lair of Beasts
 24711 | Lair:8   | Noticed Kirke
 24714 | Lair:8   | Noticed a sphinx
 24763 | Lair:7   | Reached skill level 13 in Fighting
 24815 | Lair:8   | HP: 19/122 [black mamba (14)]
 25734 | Lair:8   | Reached skill level 14 in Fighting
 26024 | Lair:8   | Killed Kirke
 26073 | Lair:8   | Received a gift from Okawaru
 26429 | Lair:7   | HP: 31/124 [sheep (4)]
 26625 | Lair:8   | HP: 26/124 [black mamba (6)]
 26628 | Lair:8   | HP: 12/124 [black mamba (12)]
 26631 | Lair:8   | HP: 2/124 [black mamba (14)]
 26970 | Lair:8   | Reached XP level 14. HP: 100/132 MP: 14/14
 27500 | Lair:8   | Got a bloodstained centaur barding
 27510 | Lair:8   | Reached skill level 15 in Long Blades
 27804 | Lair:8   | Noticed a dire elephant
 27815 | Lair:8   | Killed a dire elephant
 28069 | Lair:8   | Found a burning altar of Makhleb.
 28552 | Lair:8   | Found a gateway to Hell.
 28770 | Lair:8   | Identified the +4 centaur barding "Rogge" {Regen+} (You acquired it on level 8 of the Lair of Beasts)
 28845 | Lair:8   | Noticed Nessos
 28855 | Lair:8   | Killed Nessos
 28876 | Lair:8   | Reached skill level 16 in Long Blades
 29733 | D:10     | Bought a scroll of brand weapon for 240 gold pieces
 29775 | D:11     | Reached skill level 1 in Invocations
 29845 | D:11     | Noticed Nergalle
 29884 | D:11     | Killed Nergalle
 29884 | D:11     | Reached skill level 2 in Invocations
 29954 | D:11     | Found a staircase to the Orcish Mines.
 29979 | D:11     | Noticed Erica
 29989 | D:11     | Killed Erica
 29989 | D:11     | Reached skill level 3 in Invocations
 30189 | D:11     | Reached skill level 4 in Invocations
 30385 | D:12     | Reached skill level 5 in Invocations
 30438 | D:12     | Found a blossoming altar of Fedhas.
 30543 | D:12     | Received a gift from Okawaru
 31035 | D:12     | Reached skill level 6 in Invocations
 31621 | Orc:1    | Entered Level 1 of the Orcish Mines
 31730 | Orc:1    | Found a roughly hewn altar of Beogh.
 31750 | Orc:1    | Found a roughly hewn altar of Beogh.
 32532 | Orc:2    | Found a bloodstained altar of Trog.
 32533 | Orc:2    | Noticed godescalc's ghost (journeyman DrTm)
 32866 | Orc:3    | Found a roughly hewn altar of Beogh.
 32999 | Orc:3    | Found a staircase to the Elven Halls.
 33139 | Orc:3    | Reached skill level 7 in Invocations
 33176 | Orc:3    | Received a gift from Okawaru
 33179 | Orc:3    | Got a pitted lajatang {god gift}
 33181 | Orc:3    | Identified the +7 lajatang of Adwiylao {flame, *Corrode +Rage SInv} (Okawaru gifted it to you on level 3 of the Orcish Mines)
 33431 | Orc:4    | Entered Level 4 of the Orcish Mines
 33475 | Orc:4    | Noticed Maud
 33493 | Orc:4    | Killed Maud
 33756 | Orc:4    | Reached skill level 8 in Invocations
 33756 | Orc:4    | Reached XP level 15. HP: 81/138 MP: 17/21
 34124 | Orc:4    | Found Fuiddib's Food Shop.
 34124 | Orc:4    | Found Keraics's Jewellery Shoppe.
 34405 | Orc:4    | Found Xaku's Magic Scroll Boutique.
 34405 | Orc:4    | Found Tarph's Weapon Shoppe.
 34427 | Orc:4    | Bought a scroll of enchant weapon for 112 gold pieces
 34427 | Orc:4    | Bought a scroll of enchant weapon for 112 gold pieces
 34431 | Orc:4    | Bought the amulet of Conformity {Gourm MR++ Str+2} for 744 gold pieces
 34473 | Orc:4    | Bought a scroll of enchant armour for 112 gold pieces
 34473 | Orc:4    | Bought a scroll of magic mapping for 52 gold pieces
 34589 | Orc:4    | Found a burning altar of Makhleb.
 34671 | Orc:4    | Found Fusautost's Food Shop.
 35096 | D:13     | Found a gate to the Vaults.
 35107 | D:13     | Reached skill level 7 in Armour
 35883 | D:13     | Reached skill level 8 in Armour
 36035 | D:13     | Received a gift from Okawaru
 36391 | D:14     | Noticed Snorg
 36401 | D:13     | Killed Snorg
 36758 | D:13     | Reached skill level 7 in Dodging
 36991 | D:14     | Noticed Azrael
 37364 | D:14     | Killed Azrael
 37364 | D:14     | Reached skill level 8 in Dodging
 37544 | D:14     | Noticed Agnes
 37564 | D:14     | Killed Agnes
 37817 | D:14     | Received a gift from Okawaru
 38131 | D:15     | Entered Level 15 of the Dungeon
 38324 | D:15     | Reached skill level 9 in Armour
 38445 | D:15     | Found an ancient bone altar of Kikubaaqudgha.
 38724 | D:15     | Found a staircase to the Depths.
 39515 | D:15     | Reached XP level 16. HP: 86/146 MP: 22/22
 39927 | D:15     | Reached skill level 10 in Armour
 40777 | D:10     | Received a gift from Okawaru
 40856 | Lair:1   | Killed a 13-headed hydra
 41250 | Snake:1  | Entered Level 1 of the Snake Pit
 41430 | Snake:1  | HP: 36/146 [naga sharpshooter/arrow (15)]
 41436 | Snake:1  | HP: 35/146 [poisoned by a naga (splash of poison)]
 41442 | Snake:1  | HP: 36/146 [poisoned by a naga (splash of poison)]
 42104 | Snake:1  | Reached skill level 17 in Long Blades
 42244 | Snake:1  | Received a gift from Okawaru
 42448 | Snake:1  | HP: 36/146 [poisoned by a naga (splash of poison)]
 42456 | Snake:1  | HP: 36/146 [poisoned by a naga (splash of poison)]
 42461 | Snake:1  | HP: 36/146 [poisoned by a naga (splash of poison)]
 42467 | Snake:1  | HP: 36/146 [poisoned by a naga (splash of poison)]
 43000 | Snake:1  | Got an ichor-stained greatsling
 43412 | D:10     | Noticed a hill giant
 43415 | D:10     | Killed a hill giant
 43600 | Depths:1 | Entered Level 1 of the Depths
 43620 | D:15     | HP: 18/146 [stone giant/large rock (22)]
 44652 | Depths:1 | Noticed Wiglaf
 44962 | Elf:1    | Entered Level 1 of the Elven Halls
 45049 | Elf:1    | Found a radiant altar of Vehumet.
 45169 | Elf:1    | Reached skill level 18 in Long Blades
 45710 | Elf:1    | Found Mazxirgha's Assorted Antiques.
 45713 | Elf:1    | Bought a scroll of blinking for 285 gold pieces
 46524 | Elf:2    | Received a gift from Okawaru
 46534 | Elf:2    | Reached XP level 17. HP: 149/152 MP: 23/23
 47030 | Elf:2    | Reached skill level 19 in Long Blades
 47354 | Elf:2    | Found a huge runed gate.
 47354 | Elf:2    | Found a huge runed gate.
 47354 | Elf:2    | Found a huge runed gate.
 47354 | Elf:2    | Found a huge runed gate.
 47356 | Elf:2    | Found a huge runed gate.
 47622 | Elf:3    | Entered Level 3 of the Elven Halls
 47927 | Lair:1   | Killed an 11-headed hydra
 48741 | Snake:2  | Found Palyt's Armour Shop.
 48992 | Snake:3  | Noticed Aizul
 49662 | Snake:3  | Reached skill level 20 in Long Blades
 50004 | Snake:3  | Killed Aizul
 50668 | Snake:4  | Entered Level 4 of the Snake Pit
 50798 | Snake:4  | Received a gift from Okawaru
 50801 | Snake:4  | Got an ichor-stained double sword {god gift}
 50961 | Snake:4  | Identified the +7 double sword of Power {slice, Dex+4} (Okawaru gifted it to you on level 4 of the Snake Pit)
 51493 | Snake:4  | HP: 37/152 [naga warrior/battleaxe (3)]
 51497 | Snake:4  | Reached XP level 18. HP: 28/160 MP: 24/24
 52391 | Snake:4  | Reached skill level 21 in Long Blades
 52539 | Snake:4  | Received a gift from Okawaru
 52540 | Snake:4  | Got a faintly glowing shield {god gift}
 52604 | Snake:4  | HP: 36/161 [naga sharpshooter/bolt (18)]
 52983 | Snake:4  | Identified the +3 shield "Maofoj" {Str+4 Int+5} (Okawaru gifted it to you on level 4 of the Snake Pit)
 53071 | Snake:4  | Reached skill level 15 in Fighting
 54040 | Snake:4  | Reached skill level 16 in Fighting
 54180 | Snake:4  | Got a serpentine rune of Zot
 54550 | Shoals:1 | Entered Level 1 of the Shoals
 54954 | Shoals:1 | Received a gift from Okawaru
 55683 | Shoals:2 | Noticed Louise
 55699 | Shoals:2 | Received a gift from Okawaru
 55714 | Shoals:1 | Killed Louise
 56070 | Shoals:2 | Gained mutation: You have supernaturally acute eyesight. [potion of mutation]
 56070 | Shoals:2 | Gained mutation: You are partially covered in icy blue scales (AC +1). [potion of mutation]
 56070 | Shoals:2 | Gained mutation: You have a somewhat thin skeletal structure (Dex +2, Stealth). [potion of mutation]
 56121 | Shoals:2 | Received a gift from Okawaru
 56652 | Shoals:2 | Reached skill level 17 in Fighting
 57006 | Shoals:2 | Noticed Polyphemus
 57037 | Shoals:2 | Killed Polyphemus
 57037 | Shoals:2 | Reached XP level 19. HP: 88/177 MP: 25/25
 57668 | Shoals:3 | Received a gift from Okawaru
 58244 | Shoals:4 | Entered Level 4 of the Shoals
 58366 | Shoals:4 | Noticed Ilsuiw
 58388 | Shoals:4 | Killed Ilsuiw
 58400 | Shoals:4 | Reached skill level 18 in Fighting
 58489 | Shoals:4 | Got a barnacled rune of Zot
 60439 | Shoals:4 | Reached skill level 9 in Dodging
 61243 | Depths:1 | Killed Wiglaf
 61679 | Depths:1 | Noticed Jorgrun
 61821 | Depths:1 | Found a shattered altar of Ashenzari.
 62239 | Depths:1 | Killed Jorgrun
 62522 | Depths:1 | Reached skill level 11 in Armour
 63103 | Depths:1 | Found a one-way gate leading to the halls of Pandemonium.
 63302 | Vaults:1 | Entered Level 1 of the Vaults
 63976 | Vaults:1 | Received a gift from Okawaru
 63978 | Vaults:1 | Reached skill level 10 in Dodging
 63981 | Vaults:1 | Reached XP level 20. HP: 175/189 MP: 24/26
 64616 | Vaults:1 | Received a gift from Okawaru
 64617 | Vaults:1 | Got a bloodstained quick blade {god gift}
 64845 | Vaults:1 | Identified the +5 quick blade of Patience {pierce, rN++} (Okawaru gifted it to you on level 1 of the Vaults)
 65304 | Snake:2  | Bought a +0 fire dragon armour for 900 gold pieces
 65870 | Vaults:1 | Reached skill level 12 in Armour
 66440 | Vaults:1 | Reached skill level 11 in Dodging
 66909 | Vaults:2 | Noticed Donald
 66918 | Vaults:2 | Killed Donald
 66918 | Vaults:2 | Received a gift from Okawaru
 66920 | Vaults:2 | Got a distressingly furry shield
 66922 | Vaults:2 | Got a fine long sword {god gift}
 66943 | Vaults:2 | Identified the +3 shield of Gacsel {rF- rN+ MP-9 Int+11} (You took it off Donald on level 2 of the Vaults)
 66945 | Vaults:2 | Identified the +5 long sword of Vietosec {slice, rPois} (Okawaru gifted it to you on level 2 of the Vaults)
 67599 | Vaults:2 | Paralysed by a hornet for 3 turns
 67763 | Vaults:2 | Noticed Saint Roka
 67791 | Vaults:2 | Killed Saint Roka
 67855 | Vaults:2 | Noticed Asterion
 67859 | Vaults:2 | Received a gift from Okawaru
 67868 | Vaults:2 | Killed Asterion
 67980 | Vaults:2 | Noticed Mennas
 68014 | Vaults:2 | Killed Mennas
 68014 | Vaults:2 | Reached skill level 13 in Armour
 68029 | Vaults:2 | Noticed Nikola
 68044 | Vaults:2 | Killed Nikola
 68044 | Vaults:2 | Received a gift from Okawaru
 68048 | Vaults:2 | Got a warped great sword {god gift}
 68049 | Vaults:2 | Identified the +9 great sword of Greed {vamp, rElec rF+ MR+} (Okawaru gifted it to you on level 2 of the Vaults)
 68300 | Vaults:2 | Reached skill level 12 in Dodging
 68300 | Vaults:2 | Reached XP level 21. HP: 195/195 MP: 27/27
 68857 | Vaults:2 | Found a staircase to the Crypt.
 70566 | Elf:3    | Gained mutation: Your mind is acute. (Int +2) [potion of beneficial mutation]
 70878 | Elf:3    | Reached skill level 13 in Dodging
 70916 | Elf:3    | Received a gift from Okawaru
 70927 | Elf:3    | Got a glittering diamond amulet
 70938 | Elf:3    | Identified Peppenib's Compendium of Dislocation and Conjuration
 70953 | Elf:3    | Identified the amulet of Xosoniyd {Gourm rN+} (You found it on level 3 of the Elven Halls)
 70960 | Elf:3    | Got a brightly glowing hunting sling
 71914 | Vaults:3 | Reached skill level 14 in Dodging
 72307 | Vaults:3 | Received a gift from Okawaru
 72895 | Vaults:3 | Reached XP level 22. HP: 192/203 MP: 28/28
 72896 | Vaults:3 | Paralysed by a hornet for 2 turns
 72926 | Vaults:3 | HP: 42/203 [vault warden/dire flail (18)]
 72931 | Vaults:3 | HP: 41/203 [poisoned by a hornet]
 72937 | Vaults:3 | HP: 40/203 [poisoned by a hornet]
 72944 | Vaults:3 | HP: 40/203 [poisoned by a hornet]
 72953 | Vaults:3 | HP: 41/203 [poisoned by a hornet]
 72961 | Vaults:3 | HP: 42/203 [poisoned by a hornet]
 73643 | Vaults:4 | Received a gift from Okawaru
 73880 | Vaults:4 | Reached skill level 14 in Armour
 74873 | Vaults:5 | Entered Level 5 of the Vaults
 74929 | Vaults:5 | Noticed an ancient lich
 74944 | Vaults:5 | Killed an ancient lich
 74978 | Vaults:5 | Received a gift from Okawaru
 75060 | Vaults:5 | Reached skill level 15 in Armour
 75062 | Vaults:5 | Got a smoking pewter amulet
 75191 | Vaults:5 | Identified the amulet "Keez" {Gourm MR+ MP+9} (You took it off a tengu reaver on level 5 of the Vaults)
 75277 | Vaults:5 | Noticed Jory
 75318 | Vaults:5 | Killed Jory
 75485 | Vaults:5 | Reached skill level 16 in Armour
 75523 | Vaults:5 | Got a silver rune of Zot
 75616 | Vaults:5 | HP: 40/203 [sphinx/divine providence (12)]
 75621 | Vaults:5 | HP: 47/203 [sphinx (1)]
 75624 | Vaults:5 | HP: 18/203 [vault warden/bardiche (30)]
 75630 | Vaults:5 | HP: 21/203 [storm dragon/bolt of lightning (4)]
 76356 | Vaults:5 | Reached XP level 23. HP: 202/211 MP: 29/29
 76444 | Vaults:5 | Reached skill level 1 in Evocations
 76459 | Vaults:5 | Reached skill level 2 in Evocations
 76481 | Vaults:5 | Reached skill level 3 in Evocations
 76482 | Vaults:5 | Noticed an ancient lich
 76521 | Vaults:5 | Killed an ancient lich
 76521 | Vaults:5 | Received a gift from Okawaru
 76521 | Vaults:5 | Reached skill level 5 in Evocations
 76570 | Vaults:5 | Reached skill level 6 in Evocations
 76605 | Vaults:5 | Got a bone falchion {pain}
 76655 | Vaults:5 | Reached skill level 7 in Evocations
 76730 | Vaults:5 | Got a scorched cloak
 76733 | Vaults:5 | Identified the +1 cloak of Decill {*Corrode rF+++ Int+7} (You found it on level 5 of the Vaults)
 76747 | Vaults:5 | Identified Cigotuvi's Compendium of Evil Arts
 76776 | Vaults:5 | Got a bound turquoise ring
 76879 | Vaults:5 | Reached skill level 8 in Evocations
 77330 | Depths:2 | Reached skill level 9 in Evocations
 77473 | Depths:2 | Reached skill level 10 in Evocations
 77490 | Depths:2 | Noticed a lich
 77498 | Depths:2 | HP: 48/211 [lich/bolt of negative energy (7)]
 77903 | Depths:2 | Killed a lich
 77967 | Depths:2 | Noticed a juggernaut
 77991 | Depths:2 | Killed a juggernaut
 77991 | Depths:2 | Received a gift from Okawaru
 78108 | Depths:2 | Reached skill level 11 in Evocations
 78497 | Depths:2 | Identified the ring "Yjedgh" {rPois MR+} (You found it on level 5 of the Vaults)
 78694 | Depths:2 | Found a one-way gate to the infinite horrors of the Abyss.
 79286 | Depths:3 | Reached XP level 24. HP: 212/218 MP: 31/31
 79396 | Depths:3 | Reached skill level 19 in Fighting
 79409 | Depths:3 | Received a gift from Okawaru
 80732 | Depths:4 | Reached skill level 20 in Fighting
 80908 | Depths:4 | Received a gift from Okawaru
 81270 | Depths:4 | Reached skill level 21 in Fighting
 81711 | Depths:5 | Entered Level 5 of the Depths
 81721 | Depths:5 | Found a gateway to a ziggurat.
 81734 | Depths:5 | Lost mutation: You are partially covered in icy blue scales (AC +1). [the power of Zot]
 82164 | Depths:5 | Found a gate to the Realm of Zot.
 82196 | Depths:5 | Noticed a juggernaut
 82221 | Depths:5 | Reached skill level 22 in Fighting
 82223 | Depths:5 | Noticed an ancient lich
 82257 | Depths:5 | Killed a juggernaut
 82257 | Depths:5 | Received a gift from Okawaru
 82257 | Depths:5 | Reached XP level 25. HP: 238/238 MP: 30/31
 82258 | Depths:5 | Got a heavily runed scale mail {god gift}
 82259 | Depths:5 | Identified the +2 scale mail of the Eleven Lies {rN+ Dex+3} (Okawaru gifted it to you on level 5 of the Depths)
 82296 | Depths:5 | Killed an ancient lich
 82530 | Depths:5 | Noticed a juggernaut
 82556 | Depths:5 | Killed a juggernaut
 82765 | Depths:5 | Reached skill level 23 in Fighting
 83103 | Zig:1    | Entered Level 1 of a ziggurat
 83115 | Zig:1    | Reached skill level 12 in Evocations
 83129 | Zig:2    | Entered Level 2 of a ziggurat
 83390 | Zig:3    | Entered Level 3 of a ziggurat
 83432 | Zig:4    | Entered Level 4 of a ziggurat
 83442 | Zig:5    | Entered Level 5 of a ziggurat
 84117 | Zig:6    | Entered Level 6 of a ziggurat
 84168 | Zig:6    | Got a transparent tin amulet
 84169 | Zig:6    | Identified the amulet of Oricwule {rMut rElec MP+9 Int+3 Dex+6} (You found it on level 6 of a ziggurat)
 84293 | Zig:7    | Entered Level 7 of a ziggurat
 84330 | Zig:7    | Received a gift from Okawaru
 84342 | Zig:7    | Reached skill level 13 in Evocations
 84711 | Zig:7    | Reached XP level 26. HP: 251/251 MP: 32/32
 84715 | Zig:7    | Gained mutation: You are resistant to hostile enchantments. [potion of beneficial mutation]
 84727 | Zig:8    | Entered Level 8 of a ziggurat
 84830 | Zig:8    | Got a smoking pewter ring
 84832 | Zig:8    | Identified the ring of Geaph {rC+ rN+ Str+3} (You found it on level 8 of a ziggurat)
 84871 | Zig:9    | Entered Level 9 of a ziggurat
 84892 | Zig:9    | Paralysed by accursed screaming for 1 turns
 84904 | Zig:9    | Paralysed by accursed screaming for 1 turns
 85025 | Depths:5 | Noticed an ancient lich
 85030 | Depths:5 | HP: 29/251 [ancient lich/bolt of acid (59)]
 85461 | Depths:5 | Identified a +5 rod of ignition (14/14) (You found it on level 5 of the Depths)
 85631 | Depths:5 | Reached skill level 14 in Evocations
 86051 | Depths:5 | Reached skill level 15 in Dodging
 86073 | Depths:5 | Killed an ancient lich
 86078 | Depths:5 | Reached XP level 27. HP: 173/258 MP: 34/34
 86110 | Depths:5 | Got a faintly glowing falchion
 86166 | Depths:5 | Got a scorched plate armour
 86167 | Depths:5 | Identified the +3 plate armour of Qazlal's Hope {*Drain rC+++ Str+3 SInv} (You found it on level 5 of the Depths)
 86181 | Zot:1    | Entered Level 1 of the Realm of Zot
 86496 | Zot:3    | Got a scorched ring mail
 86497 | Zot:3    | Identified the cursed +0 ring mail of the Planets {Dex+3} (You found it on level 3 of the Realm of Zot)
 86629 | Zot:5    | Entered Level 5 of the Realm of Zot
 86755 | Zot:5    | Reached skill level 16 in Dodging
 86765 | Zot:5    | Received a gift from Okawaru
 87503 | Zot:5    | Noticed an orb of fire
 87520 | Zot:5    | Killed an orb of fire
 87532 | Zot:5    | Noticed Tiamat
 87543 | Zot:5    | Paralysed by a Zot trap for 4 turns
 87571 | Zot:5    | HP: 24/258 [Tiamat/demon trident of electrocution (44)]
 87577 | Zot:5    | Demolished by Tiamat

Vault maps used:
D:1:      saegor_arrival_fortress
D:2:      overflow_temple_1_default, serial_bayou_pond_d, uniq_iyjb
D:3:      gammafunk_temple_overflow_wave, minmay_misc_feat_iff
D:5:      minmay_temple_entry_glass, first_bread, uniq_menkaure,
          uniq_blork_the_orc
D:6:      corexii_shantytown, lemuel_doored_altar
D:7:      mumra_celtic_spiral_tile, kennysheep_mini, minmay_misc_feat_rows,
          uniq_pikel
D:8:      grunt_lair_entry_elf_guard_hut
D:9:      grunt_dithmenos_smoke, uniq_psyche
D:10:     serial_shops, nicolae_shop_window_shopping
D:11:     orc_0_dummy, hangedman_fish_farm, uniq_erica, uniq_nergalle
D:12:     fedhas_altar_fruit_tree
D:13:     lightli_vaults_fourway_checkpoint
D:14:     kennysheep_room_grid, nrook_mini_vaults, uniq_snorg, uniq_azrael,
          uniq_agnes
D:15:     grunt_enter_depths_hoard, kennysheep_pointless_box, lemuel_tele_altar
Lair:1:   enter_volcano_1
Lair:2:   beast_lair_carwin_large_4
Lair:3:   guppyfry_snake_entry_garden
Lair:4:   elwin_shoals_entry_rocks, beast_lair_carwin_10
Lair:5:   gammafunk_lair_bear_cave, serial_forest,
          infiniplex_forest_lined_3_way, infiniplex_forest_corner_1,
          infiniplex_forest_clump_large, infiniplex_forest_lined_3_way,
          infiniplex_forest_clump_medium, kennysheep_catoblepas_arena,
          grunt_megastairs_4
Lair:6:   grunt_megastairs_2, lemuel_fruit_tree, serial_bayou_shore_a
Lair:7:   minmay_slime_entry_jelly_boxes, bh_autumn_forest_stairs
Lair:8:   evil_forest, minmay_lair_drake_nest, uniq_nessos, uniq_kirke
Shoals:2: nicolae_shoals_hunting_party, uniq_polyphemus, uniq_louise
Shoals:4: shoals_end_simple, shoals_ilsuiw_alternative, uniq_ilsuiw
Snake:1:  nicolae_snake_squiggles
Snake:2:  serial_shops, nicolae_shop_behind_doors, nicolae_snake_single_loop,
          st_stairs_14, basic_stair_grate_trap
Snake:3:  nrook_guardian_serpent_double, uniq_aizul
Snake:4:  grunt_snake_rune_serpentine_throne
Orc:1:    basic_altar, mines2_david
Orc:2:    bloody_trog
Orc:3:    basic_altar, nicolae_orc_pool_cavern
Orc:4:    st_orc_ogre_mass, serial_shops, nicolae_shop_behind_doors,
          bloody_makhleb, uniq_maud
Elf:1:    eino_elf_arrival_altar, serial_shops, nicolae_shop_behind_doors,
          hangedman_elf_disciples, basic_loot_grate_trap
Elf:2:    solitary_fountain, kb_rosetta, grunt_megastairs_5
Elf:3:    elf_hall_gauntlet_wide
Vaults:1: st_lines, nicolae_vaults_arrows, ontoclasm_vaults_ring_square,
          v_misc_30, vaults_mumra_minichess_inversion, serial_ice_m,
          vaults_standard_mumra_x, nicolae_vaults_asterisk, v_misc_2,
          nicolae_vaults_mini_display_case
Vaults:2: ontoclasm_vaults_twist, v_alt_pattern_5, vaults_room_pools,
          blue_anna_dwarven_crypt, v_rooms_3, dpeg_vaults_monster_box,
          ontoclasm_vaults_pinch, v_alt_pattern_6, uniq_asterion, uniq_donald,
          uniq_saint_roka, uniq_nikola, uniq_mennas
Vaults:3: vaults_room_grid, nicolae_vaults_big_angled_halls,
          nicolae_vaults_triangles, v_pattern_1, vaults_room_ringed_pool,
          nicolae_vaults_three_branches, vaults_room_glass_cross,
          grunt_vaults_bifocal, v_misc_24, ontoclasm_vaults_shuriken,
          ontoclasm_vaults_tryst, vaults_room_grunt_arrival_checkpoint,
          vaults_dpeg_ring
Vaults:4: serial_ice_m, vaults_dpeg_encased_lava, grunt_vaults_focal,
          ontoclasm_vaults_gateway, hangedman_vaults_impose,
          nicolae_vaults_circle_grid_b, ontoclasm_vaults_idyll,
          nicolae_vaults_border_crossing, nicolae_vaults_little_squares_3,
          dpeg_vaults_monster_row, nicolae_vaults_yaktaur_gun_rack
Vaults:5: uniq_jory
Depths:1: old_standard_altar, rand_demon_pan_entry_7, hell_entry,
          kennysheep_cross_bottleneck, minmay_misc_feat_more_columns,
          nicolae_water_bricks, lemuel_freeze_loot_1, uniq_jorgrun, uniq_wiglaf
Depths:2: grunt_x_marks_the_spot, hell_entry, abyss_entry,
          infiniplex_staircase_zigzag_4
Depths:3: kennysheep_blocky_room, rand_demon_pan_entry_8,
          nicolae_lava_and_water, hell_entry,
          nicolae_abyss_entry_one_way_or_another
Depths:4: minmay_octo_star, abyss_entry_crystal, hell_entry, serial_bayou_pond_b
Depths:5: hangedman_pleasuredromes, serial_shops, hell_entry, pan_entry
Zot:1:    kennysheep_six_static_rooms
Zot:3:    grunt_megastairs_3
Zot:4:    kennysheep_spiral_hall, st_stairs_12, hangedman_hellfire_club
Zot:5:    st_stairs_1, lemuel_flame_loot_1, uniq_tiamat
Zig:7:    ziggurat_pillar_centre_c
Zig:8:    ziggurat_pillar_centre_dead_trees
Volcano:  volcano_caves

Action                   |  1- 3 |  4- 6 |  7- 9 | 10-12 | 13-15 | 16-18 | 19-21 | 22-24 | 25-27 || total
-------------------------+-------+-------+-------+-------+-------+-------+-------+-------+-------++-------
Melee: Falchion          |    94 |   208 |   553 |       |       |       |       |       |       ||   855
       Great sword       |       |       |    20 |    19 |       |       |   864 |  2262 |   922 ||  4087
       Triple sword      |       |       |       |   847 |  1525 |  1375 |  1051 |       |       ||  4798
Throw: Javelin           |     3 |     6 |    54 |    17 |       |       |       |       |       ||    80
Invok: Heroism           |       |       |     4 |    15 |    31 |    45 |    36 |    28 |    16 ||   175
       Finesse           |       |       |       |       |     1 |     4 |    11 |     5 |     5 ||    26
Evoke: Wand              |       |     3 |     9 |    14 |    11 |     1 |    19 |     2 |     4 ||    63
       Sack of spiders   |       |       |       |     3 |       |     2 |       |       |       ||     5
       Lamp of fire      |       |       |       |       |       |       |       |       |     1 ||     1
  Use: Scroll            |       |     8 |     8 |    22 |    14 |    15 |    23 |    19 |    26 ||   135
       Potion            |       |     1 |     3 |     3 |     7 |     4 |     5 |     5 |     8 ||    36
 Stab: Paralysed         |       |       |       |       |     4 |       |       |       |       ||     4
       Petrified         |       |       |       |       |       |       |     4 |       |       ||     4
       Distracted        |       |       |       |       |       |       |     1 |       |     1 ||     2
       Confused          |       |       |       |       |       |       |       |       |     2 ||     2
  Eat: Chunk             |       |     8 |    17 |    25 |    52 |    32 |    43 |    25 |     2 ||   204
       Pizza             |       |       |     1 |       |       |     2 |     2 |       |     3 ||     8
       Bread ration      |       |       |       |     1 |     4 |     4 |       |     2 |     2 ||    13
       Beef jerky        |       |       |       |     1 |     1 |     4 |     2 |     1 |       ||     9
       Meat ration       |       |       |       |     1 |       |       |     1 |       |     3 ||     5
       Fruit             |       |       |       |     1 |       |       |       |       |       ||     1
       Royal jelly       |       |       |       |       |     1 |       |       |       |       ||     1

Vault maps used:
D:1:      saegor_arrival_fortress
D:2:      overflow_temple_1_default, serial_bayou_pond_d, uniq_iyjb
D:3:      gammafunk_temple_overflow_wave, minmay_misc_feat_iff
D:5:      minmay_temple_entry_glass, first_bread, uniq_menkaure,
          uniq_blork_the_orc
D:6:      corexii_shantytown, lemuel_doored_altar
D:7:      mumra_celtic_spiral_tile, kennysheep_mini, minmay_misc_feat_rows,
          uniq_pikel
D:8:      grunt_lair_entry_elf_guard_hut
D:9:      grunt_dithmenos_smoke, uniq_psyche
D:10:     serial_shops, nicolae_shop_window_shopping
D:11:     orc_0_dummy, hangedman_fish_farm, uniq_erica, uniq_nergalle
D:12:     fedhas_altar_fruit_tree
D:13:     lightli_vaults_fourway_checkpoint
D:14:     kennysheep_room_grid, nrook_mini_vaults, uniq_snorg, uniq_azrael,
          uniq_agnes
D:15:     grunt_enter_depths_hoard, kennysheep_pointless_box, lemuel_tele_altar
Lair:1:   enter_volcano_1
Lair:2:   beast_lair_carwin_large_4
Lair:3:   guppyfry_snake_entry_garden
Lair:4:   elwin_shoals_entry_rocks, beast_lair_carwin_10
Lair:5:   gammafunk_lair_bear_cave, serial_forest,
          infiniplex_forest_lined_3_way, infiniplex_forest_corner_1,
          infiniplex_forest_clump_large, infiniplex_forest_lined_3_way,
          infiniplex_forest_clump_medium, kennysheep_catoblepas_arena,
          grunt_megastairs_4
Lair:6:   grunt_megastairs_2, lemuel_fruit_tree, serial_bayou_shore_a
Lair:7:   minmay_slime_entry_jelly_boxes, bh_autumn_forest_stairs
Lair:8:   evil_forest, minmay_lair_drake_nest, uniq_nessos, uniq_kirke
Shoals:2: nicolae_shoals_hunting_party, uniq_polyphemus, uniq_louise
Shoals:4: shoals_end_simple, shoals_ilsuiw_alternative, uniq_ilsuiw
Snake:1:  nicolae_snake_squiggles
Snake:2:  serial_shops, nicolae_shop_behind_doors, nicolae_snake_single_loop,
          st_stairs_14, basic_stair_grate_trap
Snake:3:  nrook_guardian_serpent_double, uniq_aizul
Snake:4:  grunt_snake_rune_serpentine_throne
Orc:1:    basic_altar, mines2_david
Orc:2:    bloody_trog
Orc:3:    basic_altar, nicolae_orc_pool_cavern
Orc:4:    st_orc_ogre_mass, serial_shops, nicolae_shop_behind_doors,
          bloody_makhleb, uniq_maud
Elf:1:    eino_elf_arrival_altar, serial_shops, nicolae_shop_behind_doors,
          hangedman_elf_disciples, basic_loot_grate_trap
Elf:2:    solitary_fountain, kb_rosetta, grunt_megastairs_5
Elf:3:    elf_hall_gauntlet_wide
Vaults:1: st_lines, nicolae_vaults_arrows, ontoclasm_vaults_ring_square,
          v_misc_30, vaults_mumra_minichess_inversion, serial_ice_m,
          vaults_standard_mumra_x, nicolae_vaults_asterisk, v_misc_2,
          nicolae_vaults_mini_display_case
Vaults:2: ontoclasm_vaults_twist, v_alt_pattern_5, vaults_room_pools,
          blue_anna_dwarven_crypt, v_rooms_3, dpeg_vaults_monster_box,
          ontoclasm_vaults_pinch, v_alt_pattern_6, uniq_asterion, uniq_donald,
          uniq_saint_roka, uniq_nikola, uniq_mennas
Vaults:3: vaults_room_grid, nicolae_vaults_big_angled_halls,
          nicolae_vaults_triangles, v_pattern_1, vaults_room_ringed_pool,
          nicolae_vaults_three_branches, vaults_room_glass_cross,
          grunt_vaults_bifocal, v_misc_24, ontoclasm_vaults_shuriken,
          ontoclasm_vaults_tryst, vaults_room_grunt_arrival_checkpoint,
          vaults_dpeg_ring
Vaults:4: serial_ice_m, vaults_dpeg_encased_lava, grunt_vaults_focal,
          ontoclasm_vaults_gateway, hangedman_vaults_impose,
          nicolae_vaults_circle_grid_b, ontoclasm_vaults_idyll,
          nicolae_vaults_border_crossing, nicolae_vaults_little_squares_3,
          dpeg_vaults_monster_row, nicolae_vaults_yaktaur_gun_rack
Vaults:5: uniq_jory
Depths:1: old_standard_altar, rand_demon_pan_entry_7, hell_entry,
          kennysheep_cross_bottleneck, minmay_misc_feat_more_columns,
          nicolae_water_bricks, lemuel_freeze_loot_1, uniq_jorgrun, uniq_wiglaf
Depths:2: grunt_x_marks_the_spot, hell_entry, abyss_entry,
          infiniplex_staircase_zigzag_4
Depths:3: kennysheep_blocky_room, rand_demon_pan_entry_8,
          nicolae_lava_and_water, hell_entry,
          nicolae_abyss_entry_one_way_or_another
Depths:4: minmay_octo_star, abyss_entry_crystal, hell_entry, serial_bayou_pond_b
Depths:5: hangedman_pleasuredromes, serial_shops, hell_entry, pan_entry
Zot:1:    kennysheep_six_static_rooms
Zot:3:    grunt_megastairs_3
Zot:4:    kennysheep_spiral_hall, st_stairs_12, hangedman_hellfire_club
Zot:5:    st_stairs_1, lemuel_flame_loot_1, uniq_tiamat
Zig:7:    ziggurat_pillar_centre_c
Zig:8:    ziggurat_pillar_centre_dead_trees
Volcano:  volcano_caves

Table legend:
 A = Turns spent in this place as a percentage of turns spent in the entire game.
 B = Non-inter-level travel turns spent in this place as a percentage of non-inter-level travel turns spent in the entire game.
 C = Inter-level travel turns spent in this place as a percentage of turns spent in this place.
 D = Turns resting spent in this place as a percentage of non-inter-level travel turns spent in this place.
 E = Turns spent auto-exploring this place as a percentage of non-inter-level travel turns spent in this place.
 F = Non-inter-level travel turns spent in this place divided by the number of levels of this place that you've seen.
                   A       B       C       D       E      F
               +-------+-------+-------+-------+-------+----------------------
         Total | 100.0 | 100.0 |   0.4 |   3.7 |   4.3 | 442.7
       Dungeon |  20.7 |  20.6 |   0.8 |   3.9 |   6.5 | 383.3
          Lair |  15.7 |  15.6 |   0.6 |   4.9 |   3.7 | 545.2
        Shoals |   7.7 |   7.7 |   0.3 |   5.1 |   0.7 | 535.0
     Snake Pit |   8.9 |   8.9 |   0.4 |   7.0 |   4.1 | 622.0
  Orcish Mines |   3.7 |   3.6 |   0.7 |   2.6 |  11.4 | 254.2
   Elven Halls |   6.8 |   6.8 |   0.3 |   2.8 |   4.7 | 636.7
        Vaults |  15.9 |  15.9 |   0.3 |   1.9 |   4.5 | 889.2
        Depths |  15.5 |  15.5 |   0.3 |   2.4 |   3.2 | 863.8
           Zot |   2.9 |   2.9 |   0.0 |   1.8 |   0.5 | 163.4
      Ziggurat |   2.2 |   2.2 |   0.0 |   5.5 |   0.2 |  68.9
       Volcano |   0.1 |   0.1 |   0.0 |   0.0 |   0.0 |  19.0
               +-------+-------+-------+-------+-------+----------------------

Table legend:
 A = Kills in this place as a percentage of kills in entire the game.
 B = Kills by you in this place as a percentage of kills by you in the entire game.
 C = Kills by friends in this place as a percentage of kills by friends in the entire game.
 D = Other kills in this place as a percentage of other kills in the entire game.
 E = Experience gained in this place as a percentage of experience gained in the entire game.
 F = Experience gained in this place divided by the number of levels of this place that you have seen.
                   A       B       C       D       E      F
               +-------+-------+-------+-------+-------+----------------------
         Total | 100.0 | 100.0 | 100.0 | 100.0 | 100.0 | 22293.3
       Dungeon |  20.3 |  20.4 |   0.0 |   0.0 |   5.8 | 5432.7
          Lair |  14.8 |  14.9 |  25.0 |   0.0 |   5.6 | 9909.1
        Shoals |   5.6 |   5.6 |   0.0 |   0.0 |   5.9 | 20759.8
     Snake Pit |   8.8 |   8.8 |   0.0 |   0.0 |   9.2 | 32432.0
  Orcish Mines |   6.1 |   6.2 |   0.0 |   0.0 |   1.0 | 3577.8
   Elven Halls |   6.2 |   6.2 |   0.0 |  11.1 |   6.7 | 31493.7
        Vaults |  21.0 |  21.1 |   0.0 |   0.0 |  28.3 | 79478.4
        Depths |  13.7 |  13.6 |   0.0 |  55.6 |  27.8 | 78077.2
           Zot |   1.4 |   1.4 |   0.0 |   0.0 |   5.8 | 16313.2
      Ziggurat |   2.0 |   1.8 |  75.0 |  33.3 |   3.8 | 5868.2
               +-------+-------+-------+-------+-------+----------------------
